Map: Ley Lines

Players

Creator

  • Race: Protoss Protoss
  • Spawn Location: 1:00

Percival - Winner!

  • Race: Terran Terran
  • Spawn Location: 7:00

VOD

Have the link to the VOD?

Description

Time

  • Played on: Aug. 24, 2025, 5:59 a.m.
  • Length: 9:25
Show
View Real Time Build Order
Export as new Build Order

Creator Protoss 

Build Orders: 1 Gate Expand 

Get SALT Encoding   

  12  0:00  Probe  
  13  0:12  Probe  
  14  0:16  Pylon  
  14  0:23  Probe  
  15  0:32  Probe  
  15  0:36  Gateway  
  15  0:40  Probe  
  16  0:45  Assimilator  
  17  0:51  Probe  
  18  1:03  Probe  
  19  1:15  Probe  
  20  1:23  Cybernetics Core  
  20  1:32  Nexus  
  20  1:38  Pylon  
  20  1:41  Probe  
  21  1:47  Assimilator  
  21  1:49  Adept  
  21  1:53  Warp Gate, Probe  
  24  2:05  Probe  
  25  2:09  Adept  
  25  2:10  Pylon  
  25  2:18  Probe  
  28  2:31  Probe  
  28  2:32  Gateway  
  28  2:40  Adept  
  30  2:59  Gateway  
  30  3:02  Probe x2  
  32  3:10  Adept  
  32  3:21  Probe x2  
  34  3:44  Probe  
  34  3:45  Probe, Stalker  
  32  3:49  Stalker  
  34  3:57  Stalker  
  34  3:59  Probe x2  
  36  4:04  Twilight Council  
  36  4:05  Stalker  
  38  4:13  Stalker  
  40  4:17  Probe x2  
  40  4:23  Adept  
  44  4:29  Pylon  
  44  4:36  Probe x2  
  44  4:38  Blink  
  42  4:40  Stalker x2  
  42  4:44  Probe x2  
  46  4:52  Probe x2  
  49  5:00  Probe  
  49  5:03  Probe  
  49  5:04  Robotics Facility  
  51  5:08  Probe  
  52  5:15  Probe  
  52  5:18  Probe  
  54  5:24  Nexus  
  54  5:28  Probe  
  55  5:30  Pylon  
  53  5:44  Probe x2  
  53  5:47  Observer  
  53  5:49  Shield Battery  
  54  5:53  Stalker x2  
  54  5:54  Stalker  
  54  5:56  Assimilator  
  61  5:57  Pylon  
  58  6:16  Pylon  
  56  6:20  Stalker x3  
  60  6:31  Probe  
  59  6:33  Pylon  
  55  6:43  Stalker  
  55  6:45  Zealot, Stalker  
  49  6:48  Probe x2  
  49  6:49  Shield Battery  
  49  7:06  Stalker x2  
  48  7:09  Probe x2  
  48  7:13  Stalker  
  50  7:24  Nexus  
  50  7:26  Probe x2  
  50  7:34  Stalker x2  
  52  7:50  Stalker  
  54  7:54  Probe x2  
  56  8:05  Probe x2  
  48  8:08  Stalker  
  48  8:09  Stalker  
  48  8:11  Robotics Facility  
  52  8:13  Probe x2  
  52  8:14  Stalker  
  52  8:17  Pylon  
  56  8:21  Probe x2  
  58  8:32  Probe x2  
  56  8:36  Probe  
  56  8:40  Stalker x3  
  59  8:42  Probe  
  59  8:44  Probe x2  
  61  8:50  Probe  
  61  8:52  Probe  
  62  8:56  Probe  
  62  8:57  Gateway  
  64  9:05  Robotics Bay  
  64  9:08  Probe  
  65  9:12  Zealot x3, Shield Battery  
  65  9:14  Assimilator  
Show
View Real Time Build Order
Export as new Build Order

Percival Terran - Winner!

Build Orders: Banshee Rush 

Get SALT Encoding   

  12  0:00  SCV  
  13  0:12  SCV  
  14  0:16  Supply Depot  
  14  0:24  SCV  
  15  0:38  SCV  
  15  0:40  Barracks  
  16  0:44  Refinery  
  16  0:50  SCV  
  16  0:52  Refinery  
  17  1:02  SCV  
  18  1:14  SCV  
  19  1:27  Orbital Command, Reaper  
  19  1:30  Supply Depot  
  20  1:40  Factory  
  20  1:53  SCV  
  21  2:00  Barracks Reactor  
  21  2:05  SCV  
  22  2:17  Command Center  
  22  2:21  SCV  
  23  2:26  Hellion  
  25  2:35  SCV  
  25  2:36  Reaper x2  
  28  2:46  Supply Depot  
  28  2:48  SCV  
  28  2:49  Hellion  
  31  2:57  Starport  
  31  3:00  SCV  
  31  3:11  Marine x2  
  31  3:12  SCV, Factory Tech Lab  
  34  3:24  SCV  
  35  3:29  Marine x2  
  35  3:36  SCV  
  35  3:37  Orbital Command  
  35  3:39  Factory Tech Lab  
  36  3:45  Banshee  
  38  3:48  SCV  
  38  3:49  Cloaking Field  
  38  3:50  Marine  
  38  3:52  Marine  
  39  3:59  Siege Tank  
  42  4:05  SCV x2  
  44  4:10  Supply Depot  
  44  4:15  Marine x2  
  44  4:16  Bunker  
  46  4:17  SCV  
  46  4:21  SCV  
  46  4:29  SCV  
  45  4:33  SCV, Marine x2  
  46  4:39  Banshee  
  46  4:41  SCV  
  46  4:43  Siege Tank  
  53  4:45  SCV  
  53  4:50  Supply Depot  
  53  4:51  Marine  
  54  4:55  Marine  
  54  4:56  Barracks  
  55  5:00  SCV x2  
  57  5:11  Supply Depot, Marine  
  57  5:12  Barracks  
  57  5:13  Marine  
  59  5:14  SCV x2  
  59  5:18  Siege Tank  
  64  5:24  Banshee  
  64  5:27  SCV x2  
  69  5:31  Marine  
  69  5:32  Marine  
  71  5:39  SCV x2  
  73  5:42  Refinery, Engineering Bay  
  73  5:49  Marine  
  74  5:50  Marine  
  74  5:51  SCV  
  74  5:52  SCV  
  77  5:58  Supply Depot  
  77  6:01  Supply Depot  
  77  6:03  SCV  
  78  6:04  SCV  
  78  6:08  Siege Tank  
  78  6:13  Marine  
  78  6:14  Marine  
  76  6:19  SCV x2  
  76  6:24  Starport Reactor  
  76  6:28  Stimpack, Barracks Tech Lab  
  76  6:29  Marauder  
  76  6:30  Refinery  
  76  6:31  Marine x2  
  76  6:32  Supply Depot, SCV x2  
  82  6:34  Terran Infantry Weapons Level 1  
  82  6:44  SCV x2  
  74  6:48  Marine x2  
  74  6:50  Marauder  
  78  6:54  Marine  
  78  6:56  Combat Shield  
  78  6:59  Factory Reactor  
  71  7:13  Marauder x2, Marine x2  
  71  7:15  Command Center  
  69  7:16  Medivac  
  69  7:22  Medivac  
  68  7:30  Marine x2  
  68  7:35  Marauder x2  
  68  7:36  Barracks  
  73  7:37  Widow Mine x2  
  73  7:38  Barracks  
  73  7:48  Marine x2  
  72  7:51  Medivac  
  72  7:56  Marauder  
  73  8:01  Marine  
  73  8:02  SCV x2  
  72  8:06  Marine  
  72  8:08  Marine  
  72  8:10  Widow Mine x2  
  76  8:14  SCV, Missile Turret  
  76  8:15  Concussive Shells, SCV  
  76  8:17  Marauder  
  82  8:20  Marauder, Missile Turret  
  82  8:22  Medivac x2  
  82  8:27  SCV  
  86  8:29  Marine  
  86  8:30  Marauder, Marine  
  84  8:37  SCV  
  84  8:39  SCV  
  84  8:43  Marine  
  84  8:44  Marauder, Barracks Reactor  
  84  8:45  Widow Mine x2  
  91  8:49  SCV  
  91  8:51  Marauder, SCV  
  91  8:53  Marine x2  
  91  8:55  Refinery, Missile Turret  
  97  8:57  Refinery  
  97  8:59  Orbital Command  
  97  9:09  SCV x2  
Tags
 
Add a new tag
Caveats
  • Supply blocks, unpowered buildings, or Contaminate may cause inaccurate times.
  • Supply counts are checked every 10 seconds.